AoeStats
← Castriniti

Oasis

509527641Analyzed
2v2 RM · 6d ago on Sep 27, 2026· 47m 10s· 4 players
Game mode
Random Map
Map size
Medium (4 player)
Population
200
Speed
Normal
Resources
Standard
Victory
Conquest
Starting age
Dark Age
Ending age
Imperial Age
RankedLock teamsTeams togetherTeam positionsShared explorationLock speedFull tech treeHidden civsTurbo modeCheats
Victory
Defeat
🇨🇴 Maya · Colombia
714
+18
🇨🇴 Inca · Colombia
596
+20
🇨🇱 Bohemians · Chile
706
-38
🇨🇴 Franks · Colombia
684
-22
esteb420
11:28 Feudal Age
14:16 Champi Runner
15:10 Forging
15:01 Scale Mail Armor
17:21 Wheelbarrow
25:02 Castle Age
25:49 Champi Warrior
27:09 Iron Casting
26:50 Chain Mail Armor
28:56 Squires
35:59 Imperial Age
33:53 Double-Bit Axe
37:52 Murder Holes
Castriniti
12:14 Feudal Age
13:45 Wheelbarrow
13:13 Town Watch
16:59 Double-Bit Axe
28:41 Padded Archer Armor
28:32 Fletching
28:52 Forging
28:43 Scale Mail Armor
31:13 Gold Mining
31:20 Horse Collar
35:16 Castle Age
34:51 Stone Mining
37:43 Leather Archer Armor
37:24 Bodkin Arrow
38:04 Iron Casting
36:56 Elite Skirmisher
36:59 Crossbowman
37:04 Eagle Warrior
43:36 Chain Mail Armor
43:44 Hand Cart
43:31 Town Patrol
47:29 Thumb Ring
matissa.o.w
11:07 Feudal Age
22:02 Castle Age
34:10 Loom
35:25 Padded Archer Armor
40:40 Imperial Age
39:07 Leather Archer Armor
DVD7418
12:00 Feudal Age
18:40 Castle Age
18:26 Double-Bit Axe
20:32 Forging
20:27 Scale Mail Armor
20:35 Scale Barding Armor
25:25 Iron Casting
28:25 Chain Mail Armor
28:41 Pikeman
29:24 Squires
31:40 Town Watch
34:49 Chain Barding Armor
36:06 Gold Mining
37:04 Light Cavalry
37:45 Husbandry
Connection lost

Rejoining the realm…

Still unreachable

The connection could not be restored.

Session expired

The server has moved on; the page needs a fresh start.